AoeStats
← jamigov

Arabia

509718440Analyzed
2v2 RM · 4d ago on Sep 27, 2026· 58m 10s· 4 players
Game mode
Random Map
Map size
Medium (4 player)
Population
200
Speed
Normal
Resources
Standard
Victory
Conquest
Starting age
Dark Age
Ending age
Imperial Age
RankedLock teamsTeams togetherTeam positionsShared explorationLock speedFull tech treeHidden civsTurbo modeCheats
Victory
Defeat
🇮🇪 Mongols · Ireland
1177
+17
🇪🇸 Malians · Spain
1176
+17
🇹🇼 Franks · Taiwan
1226
-17
🇲🇽 Mongols · Mexico
1188
-17
Iztacoyolt
6:15 Loom
8:21 Feudal Age
13:32 Town Watch
16:50 Fletching
17:35 Padded Archer Armor
23:14 Castle Age
21:31 Double-Bit Axe
21:31 Horse Collar
22:28 Gold Mining
24:26 Wheelbarrow
23:25 Elite Skirmisher
24:03 Bodkin Arrow
24:39 Husbandry
26:13 Gold Mining
28:24 Leather Archer Armor
38:00 Crossbowman
42:23 Imperial Age
40:44 Bow Saw
40:36 Heavy Plow
41:56 Hand Cart
47:56 Chemistry
47:46 Bracer
48:46 Scale Barding Armor
48:52 Forging
48:27 Light Cavalry
49:18 Bloodlines
49:34 Conscription
49:38 Hussar
49:52 Elite Mangudai
51:34 Chain Barding Armor
51:50 Iron Casting
55:04 Blast Furnace
54:31 Drill
53:51 Capped Ram
54:43 Stone Mining
55:29 Gold Shaft Mining
55:35 Siege Ram
BøM_guabao
5:14 Loom
9:51 Feudal Age
16:30 Double-Bit Axe
22:08 Castle Age
22:39 Scale Barding Armor
27:25 Gold Mining
27:45 Husbandry
28:27 Bow Saw
29:03 Chain Barding Armor
32:44 Forging
33:41 Fletching
36:48 Pikeman
43:37 Wheelbarrow
jamigov
6:58 Loom
10:06 Feudal Age
10:08 Man-at-Arms
13:55 Fletching
14:42 Town Watch
15:51 Double-Bit Axe
19:58 Wheelbarrow
20:52 Padded Archer Armor
24:20 Castle Age
22:49 Gold Mining
22:57 Horse Collar
23:28 Stone Mining
24:23 Crossbowman
25:08 Bodkin Arrow
26:58 Leather Archer Armor
27:13 Bow Saw
28:40 Scale Mail Armor
30:15 Forging
34:48 Chain Mail Armor
35:26 Ballistics
37:37 Iron Casting
38:30 Arson
38:47 Squires
42:47 Imperial Age
40:22 Heavy Plow
40:35 Elite Skirmisher
42:04 Masonry
43:50 Conscription
43:56 Conscription
44:39 Chemistry
43:06 Capped Ram
48:09 Ring Archer Armor
49:05 Thumb Ring
49:16 Pikeman
50:36 Farimba
55:42 Scale Barding Armor
56:26 Hand Cart
55:48 Heavy Camel Rider
56:40 Bloodlines
56:53 Husbandry
57:36 Fortified Wall
57:24 Murder Holes
DiWiT
6:14 Loom
8:34 Feudal Age
10:33 Double-Bit Axe
14:54 Wheelbarrow
21:56 Castle Age
20:06 Gold Mining
19:58 Horse Collar
21:26 Bloodlines
21:24 Scale Barding Armor
21:49 Padded Archer Armor
21:41 Fletching
22:37 Town Watch
23:26 Bodkin Arrow
25:31 Leather Archer Armor
29:15 Ballistics
34:46 Masonry
36:41 Murder Holes
37:39 Husbandry
39:38 Forging
39:50 Elite Skirmisher
41:00 Scale Barding Armor
41:55 Iron Casting
46:16 Imperial Age
44:53 Chain Barding Armor
46:00 Hand Cart
48:40 Chemistry
47:58 Bow Saw
48:30 Bracer
49:32 Blast Furnace
47:56 Elite Steppe Lancer
49:46 Conscription
Connection lost

Rejoining the realm…

Still unreachable

The connection could not be restored.

Session expired

The server has moved on; the page needs a fresh start.